 Dungeon Crawl Stone Soup version 0.31.0-11-ge490571c62 (webtiles) character file.

Game seed: 2474914750181450127

1381 Minsecho the Ducker (level 8, -4/40 HPs)
             Began as a Spriggan Monk on Jan 29, 2024.
             Slain by a sleepcap (20 damage)
             ... on level 8 of the Dungeon.
             The game lasted 00:25:06 (6322 turns).

Minsecho the Ducker (Spriggan Monk)                 Turns: 6322, Time: 00:25:06

Health: -4/40      AC:  2    Str:  9    XL:     8   Next: 39%
Magic:  18/18      EV:  4    Int: 12    God:
Gold:   209        SH:  0    Dex: 17    Spells: 7/7 levels left

rFire   . .          .
                       - Unarmed
rCold   . . .        c - orb {light}
rNeg    . . .        a - +0 robe
rPois   .            (helmet restricted)
rElec   .            (no cloak)
rCorr   +            (gloves unavailable)
SInv    +            (boots unavailable)
Will    +....        (no amulet)
Stlth   +            i - ring of magical power
HPRegen 0.26/turn    k - ring of resist corrosion
MPRegen 0.16/turn

%: no passive effects
@: sleeping, glowing, very quick
A: very small, no large weapons, unfitting armour, see invisible, speed 3
a: no special abilities


You were on level 8 of the Dungeon.
You visited 2 branches of the dungeon, and saw 9 of its levels.

You collected 253 gold pieces.
You spent 44 gold pieces at shops.

Inventory:

Hand Weapons
 A - the +6 dagger "Gimaus" {pain, rPois Int+3 Dex-5}
   (You found it on level 3 of the Dungeon)

   Int+3:     It affects your intelligence (+3).
   Dex-5:     It affects your dexterity (-5).
   rPois:     It protects you from poison
Missiles
 B - 3 boomerangs (quivered)
Armour
 a - a +0 robe (worn)
 c - an orb of light (worn)
Jewellery
 i - a ring of magical power (left hand)
 k - a ring of resist corrosion (right hand)
 u - a ring of fire
Talismans
 m - a flux talisman
Wands
 r - a wand of charming (9)
 x - a wand of polymorph (11)
Scrolls
 e - a scroll of poison
 h - a scroll of summoning {unknown}
 n - a scroll of amnesia {unknown}
 o - a scroll of acquirement {unknown}
 q - a scroll of fog {unknown}
 s - 3 scrolls of identify
 t - a scroll of enchant weapon
 w - a scroll of brand weapon {unknown}
 y - 2 scrolls of revelation {unknown}
 z - 3 scrolls of immolation
 D - a scroll of teleportation
Potions
 b - a potion of ambrosia
 d - a potion of degeneration {unknown}
 f - a potion of lignification {unknown}
 g - 4 potions of curing
 j - 4 potions of attraction
 l - 4 potions of heal wounds
 p - a potion of mutation {unknown}
 v - 3 potions of cancellation
 C - a potion of invisibility {unknown}


   Skills:
 + Level 3.5 Fighting
 + Level 6.8 Dodging
 - Level 1.0 Stealth
 + Level 6.8 Unarmed Combat
 + Level 0.1 Evocations
 * Level 5.1 Shapeshifting


You had 7 spell levels left.
You didn't know any spells.
Your spell library was empty.

Dungeon Overview and Level Annotations

Branches:
Dungeon (9/15)             Temple (1/1) D:5            Lair (0/5) D:8
    Orc: D:9-12

Altars:
Ashenzari
Cheibriados
Elyvilon
Fedhas
Gozag
Nemelex Xobeh
Okawaru
Qazlal
Sif Muna
Trog
Uskayaw
Vehumet
Xom
Zin
The Shining One
Lugonu

Shops:
D:2 =   D:4 *   D:5 =

Annotations:
D:3 2 transporters, Gadfly's ghost, amateur MfSh


Innate Abilities, Weirdness & Mutations

You are very small and have problems with some larger weapons.
You are too small for most types of armour.
You have supernaturally acute eyesight. (SInv)
You cover ground extremely quickly. (Speed+++)


Message History

a +0 halberd; a gnoll corpse You punch the sleepcap!
The sleepcap is moderately damaged.
The sleepcap releases spores at you.
You hit the sleepcap.
The sleepcap is moderately damaged.
The sleepcap releases spores at you.
You are engulfed in a cloud of soporific spores!
You fall asleep.
The sleepcap releases spores at you!
You wake up.
You are engulfed in a cloud of soporific spores!
You are unaffected.
You hit the sleepcap but do no damage.
The sleepcap is moderately damaged.
The sleepcap barely misses you.
You hit the sleepcap but do no damage.
The sleepcap is moderately damaged.
You hit the sleepcap.
The sleepcap is heavily damaged.
The sleepcap closely misses you.
You hit the sleepcap.
The sleepcap is severely damaged.
The sleepcap completely misses you.
You hit the sleepcap but do no damage.
The sleepcap is severely damaged.
The sleepcap barely misses you.
You punch the sleepcap!
The sleepcap is almost destroyed.
The sleepcap closely misses you.
You hit the sleepcap but do no damage.
The sleepcap is almost destroyed.
The sleepcap completely misses you.
You hit the sleepcap but do no damage.
The sleepcap is almost destroyed.
The sleepcap releases spores at you.
You are engulfed in a cloud of soporific spores!
You fall asleep.
The sleepcap releases spores at you!!
Ouch! That really hurt!
You die...

## #+# .# ...# # .####
..#### .#
....#######...# #.#####
#..#...≈...#..###......#
.....#...#......@f......
....##PP.##....##.<.##.#
#.#..PPPP...#.## #.##
#.#≈.PP>P..≈#.# ##
#.#...PPP...#.#
#...##PP.##...#
#....#...#......#
...#...≈...#..#.#
....#######...# #


You could see a sleepcap.

Vanquished Creatures
  Sigmund (D:2)
  A sky beast (D:6)
  A black bear (D:5)
  A centaur (D:6)
  2 phantoms (D:5)
  3 scorpions (D:5)
  A jelly (D:5)
  3 hounds
  A gnoll bouda (D:4)
  7 iguanas
  Natasha (thrice) (D:2)
  Robin (D:3)
  5 gnolls
  8 adders
  5 dart slugs
  A ribbon worm (D:3)
  7 orcs
  5 ball pythons
  6 bats
  3 endoplasms
  4 giant cockroaches
  13 goblins
  10 hobgoblins
  8 jackals
  6 kobolds
  6 quokkas
  2 frilled lizards
  7 rats
121 creatures vanquished.

Notes
Turn   | Place    | Note
-------+----------+-------------------------------------------
     0 | D:1      | Minsecho the Spriggan Monk began the quest for the Orb.
     0 | D:1      | Reached XP level 1. HP: 11/11 MP: 2/2
   105 | D:1      | Reached XP level 2. HP: 16/16 MP: 3/3
   669 | D:2      | Reached XP level 3. HP: 19/19 MP: 4/4
   804 | D:2      | Found Deonnecw's Jewellery Emporium.
   859 | D:2      | Noticed Natasha
   935 | D:2      | Killed Natasha
   936 | D:2      | Reached XP level 4. HP: 15/23 MP: 5/5
  1174 | D:2      | Noticed Natasha
  1204 | D:2      | Killed Natasha
  1205 | D:2      | Reached skill level 1 in Shapeshifting
  1387 | D:2      | Noticed Natasha
  1404 | D:2      | Killed Natasha
  1405 | D:2      | Reached skill level 5 in Dodging
  1405 | D:2      | Reached XP level 5. HP: 15/28 MP: 6/6
  1556 | D:3      | Found an iron altar of Okawaru.
  1572 | D:3      | Noticed Sigmund
  1926 | D:4      | Found a radiant altar of Vehumet.
  2353 | D:4      | Reached XP level 6. HP: 17/32 MP: 7/7
  2509 | D:4      | Found Rutawan's Assorted Antiques.
  2516 | D:4      | Bought a scroll labelled KUBOTW WODO for 22 gold pieces
  2516 | D:4      | Bought a scroll labelled GUPYUL UGREMA for 22 gold pieces
  2672 | D:3      | Identified the +6 dagger "Gimaus" {pain, rPois Int+3 Dex-5}
  2712 | D:3      | Found a transporter.
  2741 | D:3      | Found a snail-covered altar of Cheibriados.
  2744 | D:3      | Noticed Robin
  2991 | D:3      | Killed Robin
  3074 | D:3      | Found a glowing silver altar of Zin.
  3074 | D:3      | Found a white marble altar of Elyvilon.
  3075 | D:3      | Found a glowing golden altar of the Shining One.
  3207 | D:3      | Noticed an air elemental
  3210 | D:3      | Found a stormy altar of Qazlal.
  3212 | D:3      | Noticed a water elemental
  3212 | D:3      | Noticed a fire elemental
  3221 | D:3      | Found a transporter.
  3476 | D:3      | Found a faded altar of an unknown god.
  3527 | D:3      | Found a shimmering blue altar of Sif Muna.
  3595 | D:5      | Entered Level 5 of the Dungeon
  3795 | D:3      | Noticed Gadfly's ghost (amateur MfSh)
  3956 | D:2      | Killed Sigmund
  3957 | D:2      | Reached skill level 1 in Stealth
  4019 | D:4      | Reached skill level 5 in Unarmed Combat
  4019 | D:4      | Reached XP level 7. HP: 27/36 MP: 8/8
  4071 | D:5      | Found a staircase to the Ecumenical Temple.
  4157 | Temple   | Entered the Ecumenical Temple
  5119 | D:5      | Reached XP level 8. HP: 40/40 MP: 9/9
  5506 | D:5      | Found Ostoit's Jewellery Emporium.
  6197 | D:6      | Reached skill level 5 in Shapeshifting
  6250 | D:6      | You fall into a shaft and drop 3 floors!
  6250 | D:9      | Found a sparkling altar of Nemelex Xobeh.
  6283 | D:8      | Found a staircase to the Lair.
  6322 | D:8      | Slain by a sleepcap

Illustrated notes

Levels and vault maps discovered:
D:1:      dpeg_arrival_rooms_c, layout_rooms, serial_corexii_hall,
          chequers_hall_statues_wall_a, corexii_hall_statues_t
D:2:      layout_basic, serial_shops, nicolae_shop_rolling_square, uniq_natasha
D:3:      layout_rooms, good_gods_temple_1, overflow_temple_1_default,
          kennysheep_orc_sif_temple, nicolae_qazlal_style_of_elements,
          slow_altar_1, chequers_ecumenical_altar_grove,
          gammafunk_ghost_gnarly_gnolls, uniq_sigmund, uniq_robin
D:4:      layout_rooms, mainiacjoe_overflow_surrounded_room, serial_bayou,
          serial_bayou_lagoon_b, serial_bayou_pond_a, serial_bayou_lagoon_a,
          serial_bayou_pond_d, serial_shops, shop, columned_hall_lemuel
D:5:      layout_gridville, minmay_temple_entry_stoned_glass, serial_shops,
          shop, chequers_serial_rivers_micro_d, corexii_corridor_pit
D:6:      layout_loops_corners, uniq_prince_ribbit1
D:8:      layout_loops_corners, dpeg_oklobed_lair, serial_bayou_crossing
D:9:      layout_loops_cross, nzn_hepliaklqana_mist_gate,
          nemelex_xobeh_ov_fountains_minmay
Temple:   corrupted_temple

Skill      XL: |  1  2  3  4  5  6  7  8 |
---------------+-------------------------+-----
Unarmed Combat | 3 4 5 6 |  6.8
Shapeshifting  | 1 2 3 4 5 |  5.1
Dodging        | 5 6 |  6.8
Fighting       | 3 |  3.5
Stealth        | 1 |  1.0
Evocations     | |  0.1

Action                     |  1- 3 |  4- 6 |  7- 9 || total
---------------------------+-------+-------+-------++-------
  Melee: Unarmed           |   136 |   337 |   225 ||   698
  Evoke: Wand              |       |     2 |       ||     2
    Use: Potion            |       |     1 |       ||     1
         Scroll            |       |     4 |     5 ||     9
 Armour: Robe              |    26 |    99 |    76 ||   201
  Dodge: Dodged            |   114 |   289 |   188 ||   591
